Map: Solaris LE

Players

fiftycal - Winner!

  • Race: Protoss Protoss
  • League: Diamond
  • Spawn Location: 7:00

demzi

  • Race: Zerg Zerg
  • League: Diamond
  • Spawn Location: 1:00

VOD

Have the link to the VOD?

Description

Time

  • Played on: March 24, 2024, 7:14 p.m.
  • Length: 8:42
Show
View Real Time Build Order
Export as new Build Order

fiftycal Protoss - Winner!

Build Orders:  

Get SALT Encoding   

  12  0:01  Probe  
  13  0:13  Probe  
  14  0:25  Pylon  
  14  0:28  Probe  
  15  0:43  Probe (Chrono Boost)  
  15  0:47  Gateway  
  16  0:53  Assimilator  
  16  0:55  Probe (Chrono Boost)  
  17  1:01  Probe (Chrono Boost)  
  18  1:09  Probe  
  19  1:21  Probe  
  20  1:34  Probe  
  20  1:38  Cybernetics Core  
  20  1:39  Zealot  
  23  1:41  Gateway  
  23  1:47  Pylon  
  23  2:11  Nexus  
  23  2:18  Warp Gate  
  23  2:33  Zealot  
  24  2:48  Shield Battery  
  24  2:49  Twilight Council  
  24  2:51  Gateway  
  24  2:57  Gateway  
  24  3:00  Probe  
  25  3:10  Sentry  
  25  3:12  Probe  
  28  3:16  Assimilator  
  28  3:23  Probe  
  28  3:24  Probe  
  30  3:35  Charge (Chrono Boost)  
  30  3:39  Probe  
  31  3:51  Probe  
  31  3:52  Probe  
  33  4:03  Probe  
  33  4:04  Probe  
  33  4:07  Zealot  
  37  4:22  Zealot  
  37  4:23  Zealot  
  41  4:28  Pylon, Probe  
  42  4:31  Zealot  
  42  4:32  Zealot  
  46  4:46  Probe  
  46  4:47  Zealot x2  
  51  4:53  Probe  
  51  4:57  Shield Battery  
  52  5:03  Zealot  
  54  5:07  Pylon  
  54  5:09  Assimilator  
  54  5:11  Assimilator  
  54  5:15  Pylon  
  54  5:25  Probe  
  54  5:28  Probe  
  54  5:42  Zealot x4  
  58  6:03  Zealot x3  
  54  6:04  Zealot  
  54  6:07  Gateway  
  49  6:27  Zealot x2  
  49  6:28  Zealot x2  
  51  6:42  Probe  
  48  6:47  Gateway  
  48  6:49  Gateway  
  48  6:59  Zealot x4  
  52  7:10  Probe  
  52  7:11  Stalker  
  55  7:21  Zealot  
  55  7:22  Zealot x3  
  61  7:38  Probe  
  61  7:39  Stalker  
  64  7:47  Zealot x2  
  68  7:52  Pylon  
  68  7:55  Zealot, Pylon  
  58  8:13  Zealot  
  58  8:14  Zealot x5  
Show
View Real Time Build Order
Export as new Build Order

demzi Zerg 

Build Orders: Hatch First 

Get SALT Encoding   

  12  0:00  Drone  
  13  0:13  Overlord  
  13  0:16  Drone  
  14  0:31  Drone x2  
  16  0:49  Hatchery  
  15  0:52  Drone  
  15  0:56  Drone  
  17  0:59  Drone  
  18  1:08  Extractor  
  18  1:09  Drone  
  18  1:21  Spawning Pool  
  18  1:24  Drone  
  18  1:28  Drone  
  19  1:39  Drone  
  20  1:50  Overlord  
  20  2:09  Queen  
  20  2:10  Queen, Zergling x2  
  20  2:11  Zergling x2  
  26  2:17  Drone  
  26  2:19  Overlord  
  27  2:23  Metabolic Boost  
  27  2:45  Drone x6  
  33  2:56  Overlord  
  33  2:57  Overlord  
  33  3:05  Queen  
  35  3:11  Drone x2  
  36  3:24  Drone  
  36  3:25  Drone  
  38  3:28  Drone  
  38  3:30  Drone  
  38  3:31  Hatchery  
  39  3:34  Drone  
  39  3:35  Drone  
  39  3:37  Drone  
  42  3:44  Queen  
  42  3:47  Drone  
  45  3:53  Lair  
  45  4:02  Evolution Chamber  
  44  4:03  Evolution Chamber  
  44  4:04  Spore Crawler  
  44  4:05  Baneling Nest  
  44  4:07  Spore Crawler  
  44  4:09  Drone x2  
  42  4:11  Drone  
  42  4:14  Drone  
  44  4:21  Zergling x2  
  44  4:22  Zergling x6  
  44  4:23  Zergling x2  
  49  4:42  Zerg Melee Weapons Level 1  
  49  4:43  Zerg Ground Armor Level 1  
  49  4:50  Queen  
  49  4:52  Drone x7  
  58  5:03  Overlord x4  
  58  5:10  Drone x2, Extractor  
  58  5:12  Drone x2, Extractor  
  58  5:13  Drone  
  61  5:16  Overlord  
  61  5:19  Overlord  
  61  5:22  Overlord  
  54  5:30  Zergling x2  
  54  5:31  Zergling x4  
  57  5:39  Zergling x2  
  57  5:40  Zergling x12  
  57  5:41  Zergling x2  
  58  6:02  Queen  
  52  6:04  Queen  
  52  6:09  Zergling x2  
  52  6:10  Zergling x6  
  52  6:16  Zergling x8  
  52  6:17  Zergling x2  
  52  6:18  Zergling x2  
  41  6:40  Zergling x10  
  41  6:53  Zergling x2  
  43  6:54  Zergling x2  
  40  7:03  Zergling x4  
  38  7:13  Roach Warren, Zergling x4  
  38  7:15  Baneling x4  
  39  7:21  Zergling x6  
  41  7:36  Zergling x2  
  41  7:37  Zergling x6  
  44  7:47  Zergling x2  
  40  8:12  Zergling x2  
  40  8:13  Zergling x8  
Tags
 
Matchup
PvZ
Replay Pack
Multiplayer
Spawn Locations
Cross Positions
Add a new tag
Caveats
  • Supply blocks, unpowered buildings, or Contaminate may cause inaccurate times.
  • Supply counts are checked every 10 seconds.